 Dungeon Crawl Stone Soup version 0.26.0-45-g9c1d065592 (webtiles) character file.

Game seed: 16211203903378983343

4564 trckry the Quickloader (level 10, 0/88 HPs)
             Began as a Tengu Hunter on Jan 29, 2021.
             Slain by a komodo dragon (20 damage)
             ... on level 9 of the Dungeon on Jan 30, 2021.
             The game lasted 00:21:40 (10484 turns).

trckry the Quickloader (Tengu Hunter)              Turns: 10484, Time: 00:21:41

Health: 0/88       AC: 25    Str: 16    XL:     10   Next: 40%
Magic:  14/14      EV:  2    Int: 12    God:
Gold:   332        SH:  0    Dex: 14    Spells: 9/9 levels left

rFire    . . .     SeeInvis .   b - +0 quarterstaff
rCold    . . .     Faith    .   (shield currently unavailable)
rNeg     + + +     Spirit   .   (armour currently unavailable)
rPois    +         Reflect  .   (helmet currently unavailable)
rElec    .         Harm     .   (cloak currently unavailable)
rCorr    +         Rampage  .   (gloves currently unavailable)
Will     .....     NoTele   +   (boots unavailable)
Stlth    ++........             (no amulet)
HPRegen  0.24/turn              s - ring of resist corrosion
MPRegen  0.14/turn              x - ring of teleportation (curse)

@: tree-form
A: able to fly
a: no special abilities


You were on level 9 of the Dungeon.
You were a tree.
You visited 2 branches of the dungeon, and saw 10 of its levels.

You collected 562 gold pieces.
You spent 230 gold pieces at shops.

Inventory:

Hand Weapons
 a - a +1 hand crossbow
 b - a +0 quarterstaff (weapon)
 i - a +2 short sword of venom
Missiles
 d - 71 bolts
 e - 20 poisoned darts (quivered)
Armour
 q - a +3 plate armour of willpower (melded)
 v - a +1 pair of gloves (melded)
Jewellery
 o - an uncursed ring of ice
 s - a ring of resist corrosion (left branch)
 x - a cursed ring of teleportation (right branch)
Wands
 g - a wand of digging (6)
 t - a wand of iceblast (11)
 u - a wand of flame (7)
Scrolls
 h - a scroll of identify
 j - 4 scrolls of teleportation
 l - a scroll of summoning {unknown}
 m - 3 scrolls of enchant armour
 y - 2 scrolls of remove curse
 z - a scroll of immolation {unknown}
 A - a scroll of magic mapping {unknown}
Potions
 c - a potion of might
 f - a potion of lignification
 k - 5 potions of curing
 n - a potion of haste
 p - 5 potions of heal wounds
 r - a potion of attraction {unknown}
 w - a potion of berserk rage


   Skills:
 + Level 5.3 Fighting
 * Level 7.5 Staves
 * Level 9.0 Crossbows
 + Level 5.1 Armour
 + Level 5.9 Dodging
 - Level 1.0 Stealth
 + Level 4.3 Invocations
 + Level 4.7 Evocations


You had 9 spell levels left.
You didn't know any spells.
Your spell library was empty.

Dungeon Overview and Level Annotations

Branches:
Dungeon (9/15)             Temple (1/1) D:4
   Lair: D:8-11         Orc: D:9-12

Altars:
Ashenzari
Cheibriados
Dithmenos
Elyvilon
Gozag
Hepliaklqana
Kikubaaqudgha
Makhleb
Nemelex Xobeh
Qazlal
Ru
Sif Muna
Trog
Uskayaw
Wu Jian
Xom
Zin
The Shining One

Shops:
D:5 !   D:6 *   D:7 *   D:8 (


Innate Abilities, Weirdness & Mutations

((You have a beak for a mouth.))
((You have claws for feet.))
You can fly continuously.


Message History

You hit the killer bee.
You kill the killer bee!
Your Crossbows skill increases to level 9!
You hit the komodo dragon but do no damage.
The komodo dragon hisses menacingly.
The komodo dragon bites you!
You sock the komodo dragon!
The komodo dragon is moderately wounded.
The komodo dragon bites you but does no damage.
You hit the komodo dragon but do no damage.
The komodo dragon is moderately wounded.
The komodo dragon bites you!
* * * LOW HITPOINT WARNING * * *
You barely miss the komodo dragon.
The komodo dragon is moderately wounded.
The komodo dragon bites you but does no damage.
You hit the komodo dragon.
The komodo dragon is moderately wounded.
The komodo dragon bites you!!
You die...

.. ## ... ##.. ..# .. ... #.# ...
##.. .. #.# #.. .(# .. #.# #.#
#l# .# #.# #####.# #.######♣##.
##.# ...)..# #.##....#.......
...# ## ....#.###.##.###.#.#####
#..# #. ...........#.# #.#.# #..#
#. .............###.#.# #..# #.
....#.###..###...#.## ##..# #.
.............(....#.######...###.
#.##..#.#..###...###.............
#.##..#.#..# #..#.#.######..####.


You could see a komodo dragon.

Vanquished Creatures
  Edmund (D:4)
  2 orc warriors (D:7)
  4 sky beasts
  An ice beast (D:6)
  A phantom (D:7)
  5 centaurs
  2 ogres
  A big kobold (D:9)
  9 bullfrogs
  3 scorpions
  6 killer bees (D:9)
  17 wights
  4 howler monkeys
  4 hounds
  A bullfrog skeleton (D:6)
  A bullfrog zombie (D:6)
  3 jellies
  5 orc priests
  8 orc wizards
  2 iguanas
  4 worker ants
  A hound zombie (D:8)
  3 worker ant zombies
  18 adders
  2 shadow imps
  5 white imps
  An ufetubus (D:5)
  2 adder skeletons
  2 worms
  4 dart slugs (D:1)
  7 leopard geckos
  31 orcs
  A bat zombie (D:8)
  6 giant cockroaches
  7 goblins
  7 hobgoblins
  22 jackals
  2 quokkas
  3 ball pythons
  12 bats
  8 frilled lizards
  12 kobolds
  A leopard gecko zombie (D:9)
  9 rats
  2 rat zombies (D:8)
252 creatures vanquished.

Notes
Turn   | Place    | Note
-------+----------+-------------------------------------------
     0 | D:1      | trckry the Tengu Hunter began the quest for the Orb.
     0 | D:1      | Reached XP level 1. HP: 12/12 MP: 2/2
    60 | D:1      | Reached XP level 2. HP: 13/17 MP: 3/3
   680 | D:1      | Reached XP level 3. HP: 21/21 MP: 4/4
   684 | D:1      | Reached skill level 1 in Staves
  1034 | D:2      | Reached skill level 1 in Armour
  1034 | D:2      | Reached skill level 1 in Evocations
  1037 | D:2      | Reached XP level 4. HP: 13/27 MP: 5/5
  1703 | D:2      | HP: 3/27 [adder (3)]
  1708 | D:2      | Reached skill level 5 in Crossbows
  1902 | D:2      | Found a burning altar of Makhleb.
  2095 | D:3      | Noticed a bullfrog
  2229 | D:3      | Gained mutation: You can fly continuously. [Tengu growth]
  2229 | D:3      | Reached XP level 5. HP: 17/31 MP: 6/6
  2259 | D:3      | HP: 4/31 [poisoned by a kobold]
  2568 | D:3      | Reached skill level 1 in Invocations
  2930 | D:3      | Found a hide-covered altar of Uskayaw.
  2940 | D:3      | Found an ornate altar of the Wu Jian Council.
  3406 | D:3      | Reached XP level 6. HP: 35/36 MP: 6/8
  4030 | D:4      | Found a staircase to the Ecumenical Temple.
  4051 | Temple   | Entered the Ecumenical Temple
  4510 | D:4      | Noticed Edmund
  4522 | D:4      | Killed Edmund
  4523 | D:4      | Reached XP level 7. HP: 35/41 MP: 9/9
  5392 | D:5      | Entered Level 5 of the Dungeon
  5396 | D:5      | Reached skill level 6 in Crossbows
  5780 | D:5      | Reached XP level 8. HP: 30/46 MP: 10/10
  6284 | D:5      | Found Volomm's Distillery.
  6292 | D:5      | Bought a potion of curing for 33 gold pieces
  6292 | D:5      | Bought 2 potions of degeneration for 22 gold pieces
  6292 | D:5      | Bought a potion of heal wounds for 55 gold pieces
  6485 | D:6      | Found Gasaimeow's Assorted Antiques.
  6597 | D:6      | Reached skill level 5 in Staves
  6650 | D:6      | Reached skill level 7 in Crossbows
  6875 | D:6      | Reached XP level 9. HP: 49/52 MP: 12/12
  7590 | D:7      | Reached skill level 5 in Dodging
  7601 | D:7      | Found Ribihex's General Store.
  7616 | D:7      | Bought 2 potions of heal wounds for 120 gold pieces
  7872 | D:7      | Reached skill level 8 in Crossbows
  8307 | D:7      | Found a glowing golden altar of the Shining One.
  8410 | D:7      | Found a shadowy altar of Dithmenos.
  8413 | D:7      | Found a shimmering blue altar of Sif Muna.
  8416 | D:7      | Found a broken altar of Ashenzari.
  8812 | D:8      | Reached XP level 10. HP: 55/58 MP: 13/13
  8818 | D:8      | Reached skill level 5 in Fighting
  9869 | D:8      | Found an ancient bone altar of Kikubaaqudgha.
  9892 | D:8      | Found Cegacutzush's Antique Weapon Emporium.
  9979 | D:9      | Reached skill level 5 in Armour
 10167 | D:9      | Found a sacrificial altar of Ru.
 10480 | D:9      | Reached skill level 9 in Crossbows
 10484 | D:9      | Slain by a komodo dragon

Illustrated notes

Levels and vault maps discovered:
D:1:      minmay_arrival_loop, layout_rooms
D:2:      layout_basic, lightli_temple_of_fire
D:3:      layout_loops_corners, minitemple
D:4:      layout_basic, minmay_temple_entry_mist, hangedman_glass_teeth,
          minmay_misc_feat_x, uniq_edmund
D:5:      layout_basic, serial_shops, shop
D:6:      layout_loops_ring, serial_shops, nicolae_shop_statue_plus
D:7:      layout_loops_cross, grunt_temple_overflow_diamond,
          kennysheep_little_box, serial_shops, nicolae_shop_waterfront
D:8:      layout_rooms, lemuel_zombie_altar_kikubaaqudgha, serial_shops, shop
D:9:      erik_cavepeople, layout_loops_ring,
          nicolae_ru_great_annihilating_truth, vehumet_statue,
          chequers_temple_overflow_minitemple
Temple:   compressed_dpeg_triangle_lava_temple

Skill      XL: |  1  2  3  4  5  6  7  8  9 10 |
---------------+-------------------------------+-----
Staves         | 1 2 3 4 5 6 7 |  7.5
Armour         | 1 2 3 4 5 |  5.1
Evocations     | 1 2 3 4 |  4.7
Crossbows      | 5 6 7 8 9 |  9.0
Invocations    | 1 2 3 4 |  4.3
Dodging        | 3 4 5 |  5.9
Fighting       | 3 4 5 |  5.3
Stealth        | |  1.0

Action                   |  1- 3 |  4- 6 |  7- 9 | 10-12 || total
-------------------------+-------+-------+-------+-------++-------
Melee: Short sword       |    47 |       |       |       ||    47
       Kick              |    19 |    40 |    96 |    45 ||   200
       Peck              |    12 |    18 |    71 |    38 ||   139
       Hand axe          |    29 |    98 |       |       ||   127
       War axe           |       |    64 |       |       ||    64
       Quarterstaff      |       |    14 |   394 |   207 ||   615
 Fire: Hand crossbow     |       |    11 |    43 |    23 ||    77
Throw: Dart              |    18 |     7 |    22 |       ||    47
 Abil: Fly               |       |     1 |       |       ||     1
  Use: Potion            |       |     1 |       |     2 ||     3
       Scroll            |       |     5 |     9 |       ||    14
 Stab: Sleeping          |     1 |     1 |       |       ||     2
Armor: Leather armour    |    27 |    24 |       |       ||    51
       Plate armour      |       |    75 |   262 |   128 ||   465
       Skin              |       |       |       |    43 ||    43
Dodge: Dodged            |    79 |    98 |   136 |    74 ||   387
